 Dungeon Crawl Stone Soup version 0.30-a0-830-gfe289a77b0 (webtiles) character file.

Game seed: 5624748504603877591

933 testman the Ruffian (level 8, -4/74 HPs)
             Began as a Ghoul Monk on Feb 27, 2023.
             Slain by an orc warrior
             ... wielding a +0 scimitar
              (11 damage)
             ... on level 5 of the Dungeon on Feb 28, 2023.
             The game lasted 00:11:46 (3807 turns).

testman the Ruffian (Ghoul Monk)                    Turns: 3807, Time: 00:11:47

Health: -4/74      AC:  6    Str: 17    XL:     8   Next: 11%
Magic:  7/7        EV: 11    Int:  5    God:
Gold:   282        SH:  0    Dex: 11    Spells: 7/7 levels left

rFire   + . .      SeeInvis +      - Unarmed
rCold   + . .      Faith    .    (no shield)
rNeg    + + +      Spirit   .    o - +0 ring mail
rPois   ∞          Reflect  .    (no helmet)
rElec   .          Harm     .    (no cloak)
rCorr   .          Rampage  .    (no gloves)
Will    .....                    g - +0 pair of boots
Stlth   +                        (no amulet)
HPRegen 0.00/turn                t - ring of protection from fire
MPRegen 0.10/turn                u - ring of see invisible

@: inhibited regen
A: claws 1, cold resistance 1, negative energy resistance 3, inhibited
regeneration, torment resistance 2, devour on kill
a: no special abilities


You were on level 5 of the Dungeon.
You visited 1 branch of the dungeon, and saw 5 of its levels.

You collected 282 gold pieces.

Inventory:

Missiles
 l - 10 poisoned darts (quivered)
 v - 2 curare-tipped darts
Armour
 a - a +0 robe
 g - a +0 pair of boots (worn)
 o - a +0 ring mail (worn)
Jewellery
 n - a ring of magical power
 t - a ring of protection from fire (left claw)
 u - a ring of see invisible (right claw)
 x - a ring of fire
Scrolls
 c - a scroll of teleportation {unknown}
 d - 2 scrolls of enchant weapon {unknown}
 e - 2 scrolls of acquirement {unknown}
 h - 7 scrolls of identify {unknown}
 i - a scroll of enchant armour {unknown}
 k - 2 scrolls of fear {unknown}
 m - 2 scrolls of magic mapping {unknown}
 p - 2 scrolls of immolation {unknown}
 q - a scroll of poison {unknown}
 r - 2 scrolls of fog {unknown}
 w - a scroll of summoning {unknown}
Potions
 b - a potion of ambrosia
 f - 2 potions of magic {unknown}
 j - 6 potions of curing {unknown}
 s - a potion of lignification {unknown}


   Skills:
 + Level 7.7 Fighting
 - Level 2.6 Dodging
 - Level 2.1 Stealth
 + Level 7.7 Unarmed Combat


You had 7 spell levels left.
You didn't know any spells.
Your spell library contained the following spells:

 Spells                   Type           Power      Damage    Failure   Level
 Malign Gateway           Summ/Tloc      0%         N/A       100%        7
 Summon Horrible Things   Summ           0%         N/A       100%        8


Dungeon Overview and Level Annotations

Branches:
Dungeon (5/15)
 Temple: D:4-7

Altars:
Ashenzari
Cheibriados
Dithmenos
Xom

Annotations:
D:5 4 runed translucent doors


Innate Abilities, Weirdness & Mutations

You are immune to poison.
You have sharp fingernails.
Your flesh is cold resistant. (rC+)
You are immune to negative energy. (rN+++)
You do not regenerate when monsters are visible.
You are immune to unholy pain and torment.
You thrive by killing the living.


Message History

You kill the jelly!
You feel better. The orc warrior closely misses you.
You scratch the orc warrior but do no damage.
You barely miss the orc warrior.
The orc warrior hits you with a +0 scimitar!
You scratch the orc warrior but do no damage.
Your claw misses the orc warrior.
The orc warrior hits you with a +0 scimitar!
You claw the orc warrior!
You claw the orc warrior, but do no damage.
The orc warrior is heavily wounded.
The orc warrior barely misses you.
You completely miss the orc warrior. Your claw misses the orc warrior.
The orc warrior is heavily wounded.
The orc warrior closely misses you.
You closely miss the orc warrior.
The orc warrior is heavily wounded.
The orc warrior hits you with a +0 scimitar!
You claw the orc warrior!
The orc warrior is almost dead.
The orc warrior hits you with a +0 scimitar!
You are too injured to fight recklessly!
You are too injured to fight recklessly!
You are too injured to fight recklessly!
You scratch the orc warrior but do no damage.
The orc warrior is almost dead.
The orc warrior hits you with a +0 scimitar!
* * * LOW HITPOINT WARNING * * *
You closely miss the orc warrior.
The orc warrior is almost dead.
You are no longer corroded.
You scratch the orc warrior but do no damage.
The orc warrior is almost dead.
The orc warrior hits you with a +0 scimitar!
* * * LOW HITPOINT WARNING * * *
You completely miss the orc warrior.
The orc warrior is almost dead.
The orc warrior hits you with a +0 scimitar!
You die...

##.#.#.##8[.8##......###
#.......######.......#
#...###'# #+###...#
#..##..†# ##.##
#..#.#.## # #.#
#..#.##.#.# #.####
##.#.#[##.# #.....
#.#.###o.# #.....
#.##..@.# ##..... ######
##...... ..........
...#...... ....######.
... #. .. #. #. ##


You could see an orc warrior.

Vanquished Creatures
  A water moccasin (D:5)
  A centaur (D:5)
  A bullfrog (D:4)
  2 scorpions
  3 orc priests (D:5)
  3 jellies (D:5)
  2 iguanas
  Terence (D:2)
  4 orc wizards
  3 gnolls
  8 adders
  A worm (D:2)
  2 dart slugs (D:1)
  15 orcs
  5 ball pythons
  3 endoplasms
  4 giant cockroaches
  7 goblins
  4 hobgoblins
  14 jackals
  8 kobolds
  2 quokkas
  6 bats
  4 frilled lizards
  7 rats
111 creatures vanquished.

Notes
Turn   | Place    | Note
-------+----------+-------------------------------------------
     0 | D:1      | testman the Ghoul Monk began the quest for the Orb.
     0 | D:1      | Reached XP level 1. HP: 19/19 MP: 0/0
   223 | D:1      | Reached XP level 2. HP: 21/26 MP: 1/1
   648 | D:1      | Reached XP level 3. HP: 33/33 MP: 2/2
  1205 | D:2      | Noticed Terence
  1225 | D:2      | Killed Terence
  1226 | D:2      | Reached XP level 4. HP: 13/41 MP: 3/3
  1592 | D:2      | You fall into a shaft and drop 1 floor!
  1645 | D:3      | Found a faded altar of an unknown god.
  1764 | D:2      | Reached XP level 5. HP: 11/47 MP: 4/4
  1954 | D:2      | Reached skill level 5 in Unarmed Combat
  2019 | D:2      | Reached skill level 5 in Fighting
  2252 | D:2      | Upgraded the game from 0.30-a0-824-g6c64550be9 to
                  | 0.30-a0-830-gfe289a77b0
  2621 | D:4      | Reached XP level 6. HP: 55/57 MP: 5/5
  3076 | D:5      | Entered Level 5 of the Dungeon
  3096 | D:5      | Reached XP level 7. HP: 42/64 MP: 6/6
  3129 | D:5      | Found a broken altar of Ashenzari.
  3140 | D:5      | Found a shadowy altar of Dithmenos.
  3263 | D:5      | Found a shimmering altar of Xom.
  3264 | D:5      | Found a snail-covered altar of Cheibriados.
  3528 | D:5      | Found a large runed translucent door.
  3528 | D:5      | Found a large runed translucent door.
  3532 | D:5      | Noticed a kobold demonologist
  3550 | D:5      | Noticed a kobold demonologist
  3597 | D:5      | Found a large runed translucent door.
  3597 | D:5      | Found a large runed translucent door.
  3754 | D:5      | Reached XP level 8. HP: 65/73 MP: 7/7
  3807 | D:5      | Slain by an orc warrior

Illustrated notes

Levels and vault maps discovered:
D:1:      dpeg_arrival_ternary, layout_loops_corners, minmay_door_square,
          minmay_tripent
D:2:      layout_basic, uniq_terence
D:3:      layout_rooms, mainiacjoe_overflow_tiny_flanked, basic_ecumenical_altar
D:4:      layout_basic, minmay_misc_feat_rows
D:5:      layout_basic, grunt_temple_overflow_open, hangedman_decor_push,
          minmay_hollow_rounded_squares

Skill      XL: |  1  2  3  4  5  6  7 |
---------------+----------------------+-----
Fighting       | 4 5 6 7 |  7.7
Unarmed Combat | 4 5 6 7 |  7.7
Dodging        | |  2.6
Stealth        | |  2.1

Action                     |  1- 3 |  4- 6 |  7- 9 || total
---------------------------+-------+-------+-------++-------
  Melee: Unarmed           |   101 |   167 |   109 ||   377
         Punch             |     1 |     5 |     4 ||    10
  Throw: Dart              |       |     2 |       ||     2
   Stab: Sleeping          |    11 |     2 |       ||    13
 Armour: Robe              |    17 |       |       ||    17
         Ring mail         |    14 |    71 |    16 ||   101
  Dodge: Dodged            |    70 |   118 |    55 ||   243

Table legend: (Time is in decaauts)
 A = Elapsed time spent in this place.
 B = Non-inter-level travel time spent in this place.
 C = Inter-level travel time spent in this place.
 D = Time resting spent in this place.
 E = Time spent auto-exploring this place.
 F = Levels seen in this place.
 G = Mean time per level.
                   A        B        C        D        E       F      G
               +--------+--------+--------+--------+--------+-----+--------+
         Total |   3767 |   3593 |    174 |    118 |   2767 |   5 |  753.4 |
       Dungeon |   3767 |   3593 |    174 |    118 |   2767 |   5 |  753.4 |
               +--------+--------+--------+--------+--------+-----+--------+

Top non-repeatable levels by time:
     D:2: 1081 daAuts
     D:1: 1036 daAuts
     D:5: 714 daAuts
     D:4: 554 daAuts
     D:3: 380 daAuts
